 Dungeon Crawl Stone Soup version 0.31-a0-1529-g7bd419a0e5 (webtiles) character file.

Game seed: 8811843708097518038

25258 PlayingRandomsOnly the Slicer (level 13, -6/65 (72) HPs)
             Began as a Vine Stalker Berserker on Dec 31, 2023.
             Was an Elder of Trog.
             Succumbed to orange demon's concentrated venom
             ... on level 2 of the Lair of Beasts.
             The game lasted 02:06:37 (13470 turns).

PlayingRandomsOnly the Slicer (VSBe)               Turns: 13470, Time: 02:06:37

HP:   -6/65 (72)    AC: 17    Str: 29    XL:     13   Next: 18%
MP:   4/14          EV: 11    Int:  7    God:    Trog [****..]
Gold: 468           SH: 10    Dex: 16    Spells: 12/12 levels left

rFire   x . .        P - +4 dagger (venom)
rCold   + + +        O - +0 kite shield {rC+}
rNeg    . . .        N - +1 chain mail {rC+}
rPois   .            x - +0 helmet
rElec   .            n - scarf {+Inv}
rCorr   .            y - +0 pair of gloves
SInv    .            m - +2 pair of boots
Will    +....        (no amulet)
Stlth   +            r - +6 ring of strength
HPRegen 1.10/turn    I - ring of ice
MPRegen 0.14/turn

%: guardian spirit
@: lethally poisoned (-6 -> -47), slowed, studying Maces & Flails, drained, very
slow
A: fangs 3, regeneration 1, magic shield, antimagic bite, no potion heal 2
a: Renounce Religion, Evoke Invisibility, Berserk, Trog's Hand, Brothers in Arms


You were on level 2 of the Lair of Beasts.
You worshipped Trog.
Trog was greatly pleased with you.
You visited 2 branches of the dungeon, and saw 11 of its levels.
You also visited: Ice Cave.

You collected 767 gold pieces.
You spent 299 gold pieces at shops.

Inventory:

Hand Weapons
 f - a +3 vampiric spear
 C - a +2 dagger of speed
 P - a +4 dagger of venom (weapon)
Missiles
 d - 35 stones
 e - 41 poisoned darts
 j - 5 atropa-tipped darts (quivered)
Armour
 m - a +2 pair of boots (worn)
 n - a scarf of invisibility (worn)
 s - an orb of mayhem
 x - a +0 helmet (worn)
 y - a +0 pair of gloves (worn)
 J - a +2 cloak
 L - a +0 plate armour
 N - a +1 chain mail of cold resistance (worn)
 O - a +0 kite shield of cold resistance (worn)
Jewellery
 r - a +6 ring of strength (left hand)
 H - a ring of resist corrosion
 I - a ring of ice (right hand)
Talismans
 K - a beast talisman
Wands
 a - a wand of polymorph (11)
 h - a wand of flame (9)
 o - a wand of charming (1)
 B - a wand of roots (17)
 D - a wand of acid (5)
 G - a wand of mindburst (3)
Scrolls
 b - 2 scrolls of fog
 c - a scroll of noise {unknown}
 p - a scroll of revelation
 M - 2 scrolls of poison {unknown}
Potions
 g - 2 potions of ambrosia
 i - 3 potions of curing
 l - a potion of berserk rage {unknown}
 q - a potion of degeneration {unknown}
 t - 4 potions of mutation
 u - 2 potions of lignification {unknown}
 v - a potion of cancellation {unknown}
 w - a potion of might
 A - a potion of resistance {unknown}
 F - 2 potions of magic


   Skills:
 - Level 10.0 Fighting
 - Level 10.0 Short Blades
 - Level 4.0 Throwing
 - Level 7.0 Armour
 + Level 6.6 Dodging
 - Level 7.0 Stealth
 - Level 7.0 Shields
 - Level 6.0 Evocations


You had 12 spell levels left.
You didn't know any spells.
Your spell library was empty.

Dungeon Overview and Level Annotations

Branches:
Dungeon (9/15)             Temple (0/1) D:6            Lair (2/5) D:9
  Swamp (0/4) Lair:2       Spider (0/4) Lair:2          Orc (0/2) D:9
  IceCv (visited)

Altars:
Fedhas
Gozag
Trog

Shops:
D:9 [

Annotations:
D:4 orc priests, dagger of speed
D:9 abominations fuck
Lair:2 Amaemon


Innate Abilities, Weirdness & Mutations

You have razor-sharp teeth.
Your natural rate of healing is unusually fast.
When hurt, damage is shared between your health and your magic reserves.
Your bite disrupts and absorbs the magic of your enemies.
Potions cannot restore your health.


Message History

The scorpion closely misses you. The orange demon stings you from afar.
* * * LOW HITPOINT WARNING * * *
You are poisoned.
You have difficulty breathing.
* * * LOW HITPOINT WARNING * * *
You feel as though you will be slow longer.
Amaemon gestures at the scorpion while chanting.
The scorpion's venom grows more potent.
You block the scorpion's attack.
Aiming: Fastroot
Press: ? - help, Shift-Dir - straight line, f/p - Amaemon
Aim: Amaemon, wielding a -2 demon whip of venom (moderately wounded, covered in acid)
The roots erupt in riotous growth!
Roots grab Amaemon.
The orange demon is unaffected.
Roots grab the scorpion. x2
The grasping roots constrict the plant!!
The grasping roots constrict Amaemon!
The grasping roots constrict the orange demon!
The grasping roots constrict the scorpion! x2
You feel extremely sick.
A nearby plant withers and dies.
The roots lose their grip on the plant.
The roots release their grip on the orange demon.
You block the scorpion's attack. The orange demon stings you from afar!
* * * LOW HITPOINT WARNING * * *
You are lethally poisoned!
You have difficulty breathing.
* * * LOW HITPOINT WARNING * * *
You feel as though you will be slow longer.
Amaemon struggles to escape constriction.
Amaemon points at the scorpion and mumbles some strange words.
The scorpion's venom grows more potent.
The scorpion stings you.
* * * LOW HITPOINT WARNING * * *
The orange demon misses you.
As you read the scroll labelled YLOHEYCVED, it dissolves into smoke.
It was a scroll of fog.
The roots lose their grip on something.
The grasping roots constrict Amaemon.
The grasping roots constrict the scorpion!
You kill the scorpion!
The scorpion's corpse disappears in a puff of smoke!
You die...

****,** **,,,,,...####..
*....,* *...#*......P...
**....,* ##..#*..........
******,,....* #...##.#**,,#.).
*,*,*,,,*#..##*##....###***###.
*,,**,,,*##...##.....#.# #..
*,*,*,,,*#....§.......## #..
****,,,,**#..§§§.......## ##.
*******#.§§@§§.......## #P
****#..§§§§§.######.######
*,,#...s64#### #.........
**,....#..s#* ##........
**,*#.#*##...* #...#####.
**,*,#** #...* ###..## ##
*,**** ***#...* ##....# ***
*,*...##*#.....#*
**,,*,**#.......#***


You could see Amaemon (corroded, rooted), an orange demon (curare) and a
scorpion (summoned, curare).

Vanquished Creatures
  2 ironbound frosthearts (IceCv)
  5 death yaks (IceCv)
  An arcanist (D:9)
  4 large abominations (D:9)
  An ice statue (IceCv)
  A black mamba (Lair:1)
  3 cane toads
  Jeremiah (D:7)
  A rime drake (IceCv)
  2 ice devils (Lair:2)
  A komodo dragon (Lair:1)
  12 polar bears (IceCv)
  A troll (D:9)
  Prince Ribbit (D:9)
  9 blink frogs
  A vampire (D:6)
  A wyvern (D:8)
  A wraith (D:9)
  29 yaks
  A basilisk (Lair:1)
  A human (D:7)
  4 water moccasins
  2 ice beasts
  A sky beast (D:6)
  An orc warrior (D:7)
  A black bear (D:6)
  8 ogres
  27 wolves
  2 centaurs
  A phantom (D:5)
  3 kobold brigands
  7 small abominations
  8 bullfrogs
  7 scorpions
  5 wights (D:9)
  3 killer bees (D:9)
  6 howler monkeys
  2 electric eels (D:9)
  A jelly (D:7)
  5 hounds
  5 orc priests
  5 orc wizards
  3 sleepcaps
  3 iguanas
  4 gnolls (D:9)
  3 adders
  A shadow imp (D:8)
  4 white imps
  3 ufetubi
  A ribbon worm (D:3)
  27 orcs
  4 endoplasms
  4 giant cockroaches
  8 goblins
  4 hobgoblins
  4 jackals (D:2)
  2 quokkas (D:3)
  4 bats
  A frilled lizard (D:3)
  14 kobolds
  A rat (D:2)
278 creatures vanquished.

Vanquished Creatures (collateral kills)
  A wyvern (D:9)
  A wolf (IceCv)
  A centaur (D:9)
  A gnoll sergeant (D:9)
  An electric eel (D:9)
  A howler monkey (D:9)
  5 gnolls (D:9)
11 creatures vanquished.

Vanquished Creatures (others)
  Maggie (D:7)
  A polar bear (IceCv)
  A gnoll sergeant (D:9)
  A killer bee (D:9)
4 creatures vanquished.

Grand Total: 293 creatures vanquished

Notes
Turn   | Place    | Note
-------+----------+-------------------------------------------
     0 | D:1      | PlayingRandomsOnly the Vine Stalker Berserker began the
                  | quest for the Orb.
     0 | D:1      | Reached XP level 1. HP: 11/11 MP: 2/2
   451 | D:1      | Reached XP level 2. HP: 13/16 MP: 3/3
  1389 | D:2      | Found a faded altar of an unknown god.
  1570 | D:2      | Reached XP level 3. HP: 20/20 MP: 1/4
  2095 | D:3      | Found a blossoming altar of Fedhas.
  2987 | D:4      | Reached XP level 4. HP: 25/25 MP: 1/5
  3134 | D:4      | Found an opulent altar of Gozag.
  3134 | D:4      | Found a bloodstained altar of Trog.
  3338 | D:4      | Reached skill level 1 in Stealth
  3423 | D:4      | Reached skill level 1 in Throwing
  3423 | D:4      | Reached XP level 5. HP: 29/29 MP: 2/6
  3495 | D:5      | Entered Level 5 of the Dungeon
  3505 | D:5      | Noticed an ogre
  3520 | D:5      | Killed an ogre
  3543 | D:5      | Reached skill level 5 in Fighting
  3543 | D:5      | Reached XP level 6. HP: 35/35 MP: 2/7
  4140 | D:5      | Reached skill level 5 in Stealth
  4140 | D:5      | Reached XP level 7. HP: 39/39 MP: 2/8
  4736 | D:4      | Gained mutation: You have razor-sharp teeth. [Vine Stalker
                  | growth]
  4736 | D:4      | Reached XP level 8. HP: 44/44 MP: 9/9
  4973 | D:5      | Reached ** piety under Trog
  5290 | D:6      | Reached skill level 1 in Shields
  5424 | D:6      | Noticed a vampire
  5827 | D:6      | Killed a vampire
  5828 | D:6      | Reached XP level 9. HP: 50/50 MP: 10/10
  5864 | D:6      | Found a staircase to the Ecumenical Temple.
  6141 | D:6      | Reached skill level 5 in Short Blades
  6492 | D:7      | Noticed Maggie
  6492 | D:7      | Noticed Maurice
  6530 | D:7      | Killed Maggie
  6687 | D:8      | Reached skill level 1 in Evocations
  7176 | D:9      | Noticed a troll
  7368 | D:9      | Identified the +6 quarterstaff "Utras" {flame, Str+3 Dex+3}
  7419 | D:9      | Reached XP level 10. HP: 55/55 MP: 11/11
  7481 | D:9      | Reached *** piety under Trog
  7678 | D:9      | Noticed a large abomination
  7978 | D:9      | Found a staircase to the Orcish Mines.
  8174 | D:9      | Found Eneamma's Armour Shoppe.
  8183 | D:9      | Bought a +0 plate armour for 299 gold pieces
  8271 | D:9      | Noticed Prince Ribbit
  8289 | D:9      | Killed Prince Ribbit
  8346 | D:9      | Noticed an arcanist
  8368 | D:9      | Reached skill level 10 in Short Blades
  8385 | D:9      | Killed an arcanist
  8391 | D:9      | Reached XP level 11. HP: 58/58 MP: 12/12
  8561 | D:9      | Noticed a large abomination
  8581 | D:9      | Killed a large abomination
  8668 | D:9      | Found a staircase to the Lair.
  8751 | D:9      | Noticed a large abomination
  8751 | D:9      | Noticed a large abomination
  8923 | D:9      | Killed a large abomination
  9252 | D:9      | Killed a large abomination
  9253 | D:9      | Reached skill level 5 in Shields
  9448 | D:7      | Reached skill level 5 in Armour
  9728 | D:7      | Noticed Jeremiah
  9766 | D:7      | Killed Jeremiah
 10216 | D:7      | Maurice changed into Maurice the human
 10216 | D:7      | Noticed Maurice
 10225 | D:7      | Killed Maurice the human
 10226 | D:7      | Reached skill level 5 in Evocations
 10734 | Lair:1   | Entered Level 1 of the Lair of Beasts
 10918 | Lair:1   | Reached **** piety under Trog
 11896 | Lair:2   | Reached XP level 12. HP: 64/65 MP: 11/13
 11969 | Lair:2   | Found a frozen archway.
 12038 | IceCv    | Entered an ice cave
 12079 | IceCv    | Reached skill level 10 in Fighting
 12459 | IceCv    | Noticed a death yak
 12460 | IceCv    | Noticed a death yak
 12479 | IceCv    | Killed a death yak
 12494 | IceCv    | Killed a death yak
 12688 | IceCv    | Noticed a death yak
 12688 | IceCv    | Noticed a death yak
 12688 | IceCv    | Noticed a death yak
 12760 | IceCv    | Killed a death yak
 12761 | IceCv    | Killed a death yak
 12781 | IceCv    | Killed a death yak
 12782 | IceCv    | Reached skill level 5 in Dodging
 12829 | IceCv    | Noticed an ironbound frostheart
 12829 | IceCv    | Noticed an ironbound frostheart
 12860 | IceCv    | Killed an ironbound frostheart
 12861 | IceCv    | Reached XP level 13. HP: 49/72 MP: 12/14
 13408 | Lair:2   | Found a hole to the Spider Nest.
 13464 | Lair:2   | Noticed Amaemon
 13470 | Lair:2   | Succumbed to orange demon's concentrated venom

Illustrated notes

Levels and vault maps discovered:
D:1:      noname_arrival_rooms_in_the_neighbourhood, layout_basic
D:2:      layout_basic, nicolae_ecumenical_lake_church, serial_glass,
          glass_columns_b, glass_columns_a, glass_columns_b, glass_columns_b,
          glass_columns_a, glass_columns_a, glass_columns_a, glass_columns_c,
          minmay_strange_pillars, item_on_display_a, due_unseen_surprise
D:3:      layout_loops_ring, fedhas_altar_3, kennysheep_donut
D:4:      layout_loops_cross, nicolae_overflow_squiral,
          hangedman_abyss_or_decor_lesser_grid
D:5:      layout_basic, grunt_tough_drop
D:6:      layout_layer_cave, minmay_temple_entry_poolview,
          kennysheep_generic_room_2
D:7:      layout_loops_ring, uniq_maggie, uniq_jeremiah, uniq_maurice
D:8:      layout_basic, serial_demonic, serial_demonic_f, serial_demonic_a,
          serial_demonic_g, serial_demonic_b, minmay_between
D:9:      layout_irregular_city, erik_lair_island, orc_0_dummy, serial_shops,
          nicolae_shop_tiny_real_fake_doors, minivault_27, laboratory,
          uniq_prince_ribbit1
Lair:1:   layout_chaotic_city, chequers_serial_rivers_large_b,
          patterned_corridor, grunt_megastairs_5
Lair:2:   layout_layer_cave, minmay_swamp_entry_reptiles,
          spider_nest_entry_web_field, portal_ice_cave_demonic_guard,
          lemuel_fruit_fields, serial_bayou_shore_a, lemuel_fruit_tree,
          uniq_amaemon

Skill      XL: |  1  2  3  4  5  6  7  8  9 10 11 12 13 |
---------------+----------------------------------------+-----
Fighting       | 3 4 5 6 7 8 10 | 10.0
Short Blades   | 3 7 10 | 10.0
Stealth        | 1 2 5 7 |  7.0
Throwing       | 1 2 3 4 |  4.0
Armour         | 3 5 6 7 |  7.0
Dodging        | 3 5 6 |  6.6
Shields        | 3 5 7 |  7.0
Evocations     | 4 6 |  6.0

Action                     |  1- 3 |  4- 6 |  7- 9 | 10-12 | 13-15 || total
---------------------------+-------+-------+-------+-------+-------++-------
  Melee: Short sword       |    23 |       |       |       |       ||    23
         Bite              |     8 |    12 |   125 |   415 |    33 ||   593
         Spear             |    58 |    52 |    54 |       |       ||   164
         Punch             |       |     2 |     1 |       |       ||     3
         Dagger            |       |       |   282 |   976 |    83 ||  1341
  Throw: Stone             |    18 |     6 |    18 |    17 |       ||    59
         Dart              |     3 |    15 |    73 |    44 |     2 ||   137
 Invoke: Berserk           |     1 |     3 |     5 |    15 |     1 ||    25
         Trog's Hand       |       |       |     2 |     4 |       ||     6
         Brothers in Arms  |       |       |       |     1 |     1 ||     2
Ability: Begin Untransform |       |       |     1 |       |       ||     1
         Evoke Invisibilit |       |       |       |     1 |     1 ||     2
  Evoke: Wand              |       |     4 |     5 |    15 |     4 ||    28
    Use: Scroll            |       |     8 |     4 |    11 |     4 ||    27
         Potion            |       |     3 |     1 |     1 |     2 ||     7
   Stab: Sleeping          |       |       |     1 |       |       ||     1
         Distracted        |       |       |       |       |     1 ||     1
 Armour: Animal skin       |    18 |       |       |       |       ||    18
         Ring mail         |     8 |    23 |   153 |    36 |       ||   220
         Plate armour      |       |       |       |   168 |       ||   168
         Chain mail        |       |       |       |   105 |    64 ||   169
  Dodge: Dodged            |    26 |    21 |    98 |   130 |    26 ||   301
  Block: Buckler           |       |       |    25 |    81 |     2 ||   108
         Kite shield       |       |       |       |       |    28 ||    28
   Form: Beast             |       |       |     1 |       |       ||     1

Table legend: (Time is in decaauts)
 A = Elapsed time spent in this place.
 B = Non-inter-level travel time spent in this place.
 C = Inter-level travel time spent in this place.
 D = Time resting spent in this place.
 E = Time spent auto-exploring this place.
 F = Levels seen in this place.
 G = Mean time per level.
                   A        B        C        D        E       F      G
               +--------+--------+--------+--------+--------+-----+--------+
         Total |  12934 |  12249 |    685 |   1621 |   4092 |  12 | 1077.8 |
       Dungeon |  10577 |   9918 |    659 |   1372 |   3177 |   9 | 1175.2 |
          Lair |   1452 |   1427 |     25 |    132 |    765 |   2 |  726.0 |
      Ice Cave |    904 |    904 |      0 |    116 |    149 |   1 |  904.0 |
               +--------+--------+--------+--------+--------+-----+--------+

Top non-repeatable levels by time:
     D:9: 1872 daAuts
     D:7: 1353 daAuts
     D:5: 1251 daAuts
     D:2: 1154 daAuts
     D:6: 1154 daAuts
     D:4: 1051 daAuts
  Lair:1: 1017 daAuts
     D:3: 977 daAuts
     D:8: 930 daAuts
   IceCv: 904 daAuts
     D:1: 830 daAuts
  Lair:2: 435 daAuts
